 Dungeon Crawl Stone Soup version 0.31-a0-692-gf03d1854d5 (webtiles) character file.

Game seed: 7170956692341095380

513 qw the Shooter (level 7, 0/44 HPs)
             Began as a Gargoyle Hunter on Sept 6, 2023.
             Slain by an acid dragon (5 damage)
             ... on level 5 of the Dungeon.
             The game lasted 00:01:05 (3364 turns).

qw the Shooter (Gargoyle Hunter)                    Turns: 3364, Time: 00:01:05

Health: 0/44       AC:  4    Str: 14    XL:     7   Next: 20%
Magic:  7/7        EV: 12    Int: 10    God:
Gold:   229        SH:  0    Dex: 15    Spells: 6/6 levels left

rFire   . . .        Y - +0 shortbow
rCold   . . .        (shield currently unavailable)
rNeg    + . .        c - +0 leather armour
rPois   inf          d - +1 hat
rElec   +            g - scarf {repulsion}
rCorr   .            (no gloves)
SInv    .            (no boots)
Will    .....        (no amulet)
Stlth   ++           (no ring)
HPRegen 0.27/turn    (no ring)
MPRegen 0.10/turn

%: repel missiles
@: corroded
A: sickness immunity, AC +4, negative energy resistance 1, electricity
resistance, torment resistance 1, petrification resistance
a: no special abilities


You were on level 5 of the Dungeon.
You visited 1 branch of the dungeon, and saw 7 of its levels.

You collected 229 gold pieces.


Innate Abilities, Weirdness & Mutations

You are immune to sickness and miasma.
Your stone body is resilient. (AC +4)
You are immune to poison.
You resist negative energy. (rN+)
You are resistant to electric shocks. (rElec)
You are resistant to unholy torment.
You are immune to petrification.


   Skills:
 - Level 4.3 Fighting
 + Level 7.5 Ranged Weapons
 - Level 2.0 Dodging
 - Level 1.1 Stealth


You had 6 spell levels left.
You didn't know any spells.
Your spell library was empty.

Inventory:

Hand Weapons
 Y - a +0 shortbow (weapon)
Armour
 c - a +0 leather armour (worn)
 d - a +1 hat (worn)
 g - a scarf of repulsion (worn)
Scrolls
 e - a scroll of identify
Potions
 a - 2 potions of haste
 b - a potion of might
 f - a potion of resistance
 i - a potion of mutation {unknown}
 j - a potion of enlightenment {unknown}
 k - a potion of curing
 l - a potion of invisibility {unknown}
 o - a potion of heal wounds {unknown}

Dungeon Overview and Level Annotations

Branches:
Dungeon (7/15)
 Temple: D:4-7

Altars:
Cheibriados
Uskayaw


Message History

The acid dragon barely misses you. x2
You shoot an arrow.
The arrow hits the acid dragon but does no damage.
The acid dragon is heavily wounded.
The acid dragon closely misses you. The acid dragon barely misses you.
You shoot an arrow.
The arrow hits the acid dragon but does no damage.
The acid dragon is heavily wounded.
The acid dragon spits acid at you. The splash of acid hits you.
You shoot an arrow.
The arrow hits the acid dragon but does no damage.
The acid dragon is heavily wounded.
The acid dragon bites you. The acid dragon claws you.
You shoot an arrow.
The arrow closely misses the acid dragon.
You are no longer corroded.
The acid dragon barely misses you. The acid dragon claws you.
You shoot an arrow. The arrow hits the acid dragon.
The acid dragon is heavily wounded.
The acid dragon spits acid at you. The splash of acid misses you.
You shoot an arrow.
The arrow closely misses the acid dragon.
The acid dragon closely misses you.
The acid dragon claws you but does no damage.
You shoot an arrow.
The arrow closely misses the acid dragon.
The acid dragon barely misses you. The acid dragon claws you.
You shoot an arrow. The arrow hits the acid dragon!
The acid dragon is almost dead.
The acid dragon spits acid at you. The splash of acid hits you!
The acid corrodes you!
You shoot an arrow.
The arrow barely misses the acid dragon.
The acid dragon barely misses you. The acid dragon closely misses you.
You shoot an arrow. The arrow hits the acid dragon.
The acid dragon is almost dead.
The acid dragon bites you. The acid dragon claws you.
You die...

.###...##
.......##
#.......##
#........#
#........#
......#.#
#.D.##.# #@#
#.# #.###.#
#.....#
####..########
#......>...
#..########
#..#
########..#
..........#


You could see an acid dragon (catching breath).

Vanquished Creatures
  3 black bears
  A phantom (D:4)
  A hound (D:4)
  Terence (D:2)
  An iguana (D:4)
  An adder (D:3)
  An ufetubus (D:4)
  2 worms
  5 dart slugs
  An orc (D:4)
  8 endoplasms
  2 giant cockroaches
  2 goblins
  2 hobgoblins (D:1)
  A jackal (D:3)
  4 quokkas
  4 ball pythons
  2 bats (D:1)
  A frilled lizard (D:2)
  5 kobolds
  10 rats
58 creatures vanquished.

Notes
Turn   | Place    | Note
-------+----------+-------------------------------------------
     0 | D:1      | qw the Gargoyle Hunter began the quest for the Orb.
     0 | D:1      | Reached XP level 1. HP: 12/12 MP: 1/1
     0 | D:1      | 0 ||| qw: Version: 0.3-a-76-g4403597
     0 | D:1      | 0 ||| qw: Game counter: 284
     0 | D:1      | 0 ||| qw: Melee chars always use a shield: true
     0 | D:1      | 0 ||| qw: God list: Okawaru
     0 | D:1      | 0 ||| qw: Allow faded altars: false
     0 | D:1      | 0 ||| qw: Do Orc after clearing Dungeon:15 true
     0 | D:1      | 0 ||| qw: Do second Lair branch before Depths: true
     0 | D:1      | 0 ||| qw: Lair rune preference: random
     0 | D:1      | 0 ||| qw: Goals: Normal
     0 | D:1      | 0 ||| PLANNING D:1-11
    34 | D:1      | Reached XP level 2. HP: 17/17 MP: 2/2
   901 | D:1      | 901 ||| UPGRADING to scarf of repulsion.
   906 | D:1      | 906 ||| READING scroll labelled DIRERO YNIYCE.
   907 | D:1      | 907 ||| READING 2 scrolls labelled ORUNGE CUOCZEFIF.
   908 | D:1      | 908 ||| READING scroll labelled YPYCUS XAMASM.
   909 | D:1      | 909 ||| DROPPING scroll of butterflies.
   955 | D:2      | 955 ||| STAIRDANCE
   964 | D:1      | Reached XP level 3. HP: 19/21 MP: 3/3
   987 | D:2      | Reached skill level 5 in Ranged Weapons
   995 | D:2      | Noticed a black bear
  1003 | D:2      | Killed a black bear
  1004 | D:2      | Reached XP level 4. HP: 23/30 MP: 4/4
  1147 | D:2      | Reached XP level 5. HP: 34/34 MP: 5/5
  1280 | D:2      | Noticed Terence
  1296 | D:2      | Killed Terence
  1549 | D:2      | 1549 ||| UPGRADING to +1 hat.
  1554 | D:2      | 1554 ||| READING scroll labelled CYRPHA ARHIV.
  1555 | D:2      | 1555 ||| READING scroll labelled TIRUIJ YMEOB.
  1748 | D:3      | Found a snail-covered altar of Cheibriados.
  2432 | D:3      | 2432 ||| DROPPING ring of flight.
  2433 | D:3      | 2433 ||| READING scroll labelled PEFRYE FORGHIOQOE.
  2459 | D:3      | 2459 ||| READING scroll labelled YXTEVO VOFAJI.
  2460 | D:3      | 2460 ||| DRINKING 2 lumpy black potions.
  2461 | D:3      | 2461 ||| READING 3 scrolls of identify.
  2461 | D:3      | 2461 ||| IDENTIFYING black potion
  2462 | D:3      | 2462 ||| READING 2 scrolls of identify.
  2462 | D:3      | 2462 ||| IDENTIFYING fuming brown potion
  2531 | D:4      | Noticed a black bear
  2541 | D:4      | Killed a black bear
  2542 | D:4      | Reached skill level 6 in Ranged Weapons
  2542 | D:4      | Reached XP level 6. HP: 32/39 MP: 6/6
  2650 | D:4      | Reached skill level 7 in Ranged Weapons
  2671 | D:4      | 2671 ||| FLEEEEING.
  2944 | D:4      | Noticed a black bear
  2957 | D:4      | HP: 3/39 [black bear (10)]
  2959 | D:4      | Killed a black bear
  2960 | D:4      | Reached XP level 7. HP: 2/44 MP: 7/7
  3198 | D:4      | Noticed a +0 falchion
  3198 | D:4      | Noticed a +0 spear
  3198 | D:4      | Noticed a +0 dagger
  3199 | D:4      | Noticed a +0 falchion
  3199 | D:4      | Noticed a +0 short sword
  3199 | D:4      | Noticed a +0 dagger
  3199 | D:4      | Noticed a +0 spear
  3201 | D:4      | Noticed a +0 short sword
  3211 | D:4      | Found a hide-covered altar of Uskayaw.
  3308 | D:4      | You fall into a shaft and drop 3 floors!
  3316 | D:7      | 3316 ||| READING scroll labelled HUELOR BEOPH.
  3317 | D:7      | 3317 ||| READING scroll labelled UMEGATACVU.
  3318 | D:7      | 3318 ||| READING 3 scrolls of identify.
  3318 | D:7      | 3318 ||| IDENTIFYING bubbling puce potion
  3319 | D:7      | 3319 ||| READING 2 scrolls of identify.
  3319 | D:7      | 3319 ||| IDENTIFYING smoky green potion
  3320 | D:7      | 3320 ||| DROPPING potion of attraction.
  3329 | D:6      | 3329 ||| STAIRDANCE
  3330 | D:5      | Entered Level 5 of the Dungeon
  3362 | D:5      | HP: 5/44 [acid dragon/splash of acid (12)]
  3364 | D:5      | Slain by an acid dragon

Levels and vault maps discovered:
D:1:      dpeg_arrival_round_c, layout_basic
D:2:      layout_rooms, grunt_decor_cap, uniq_terence
D:3:      layout_basic, marbit_many_paths
D:4:      layout_loops_ring, nicolae_uskayaw_en_pointe, hangedman_decor_riveting
D:5:      layout_loops_ring, fedhas_altar_fruit_tree,
          grunt_temple_overflow_open, minmay_temple_entry_glassed_door,
          gammafunk_ghost_nasty_kobolds, uniq_sigmund, uniq_crazy_yiuf_cottage
D:6:      layout_layer_cave, nzn_wu_jian_contemplation
D:7:      layout_loops_cross, grunt_dithmenos_shadows, kennysheep_generic_room_2

Skill      XL: |  1  2  3  4  5  6 |
---------------+-------------------+-----
Ranged Weapons | 5 6 7 |  7.5
Fighting       | 4 |  4.3
Dodging        | 2 |  2.0
Stealth        | |  1.1

Action                     |  1- 3 |  4- 6 |  7- 9 || total
---------------------------+-------+-------+-------++-------
   Fire: Shortbow          |    74 |   154 |    23 ||   251
    Use: Scroll            |     3 |     6 |     4 ||    13
         Potion            |       |     1 |       ||     1
 Armour: Leather armour    |    26 |    58 |    10 ||    94
  Dodge: Dodged            |    22 |    47 |    11 ||    80
         Repelled          |       |       |     2 ||     2

Table legend:
 A = Non-vault XP
 B = Vault XP
 C = Vault XP percentage of total XP
 D = Non-vault monster count
 E = Vault monster count
 F = Vault count percentage of total count
                 A         B        C        D         E       F
            +---------+---------+-------+---------+---------+-------
      Total |     694 |      40 |   5.4 |      56 |       2 |   3.4
            +---------+---------+-------+---------+---------+-------
        D:1 |      34 |       0 |   0.0 |      21 |       0 |   0.0
        D:2 |     137 |      38 |  21.7 |      10 |       1 |   9.1
        D:3 |      34 |       2 |   5.6 |      11 |       1 |   8.3
        D:4 |     489 |       0 |   0.0 |      14 |       0 |   0.0
            +---------+---------+-------+---------+---------+-------
